 Dungeon Crawl Stone Soup version 0.29.1-4-g47bece8355 (webtiles) character file.

Game seed: 1917046588029751179

22 hawla the Chiller (level 3, -8/26 HPs)
             Began as a Meteoran Ice Elementalist on Dec 6, 2022.
             Killed by divine providence
             ... invoked by an orc priest
              (16 damage)
             ... on level 4 of the Dungeon.
             The game lasted 00:02:03 (224 turns).

hawla the Chiller (Meteoran Ice Elementalist)        Turns: 224, Time: 00:02:03

Health: -8/26      AC:  2    Str:  9    XL:     3   Next: 23%
Magic:  8/8        EV: 12    Int: 18    God:
Gold:   39         SH:  0    Dex: 15    Spells: 6/7 levels left

rFire   . . .      SeeInvis .   f - +1 flail (venom)
rCold   . . .      Faith    .   (no shield)
rNeg    . . .      Spirit   .   a - +0 robe
rPois   .          Reflect  .   (no helmet)
rElec   .          Harm     .   (no cloak)
rCorr   .          Rampage  .   (no gloves)
Will    +....                   (no boots)
Stlth   +.........              (no amulet)
HPRegen 0.08/turn               e - ring of willpower
MPRegen 0.11/turn               (no ring)

@: glowing
A: sense surroundings 1, otherworldly, glowing, explore regen
a: no special abilities


You were on level 4 of the Dungeon.
You visited 1 branch of the dungeon, and saw 3 of its levels.

You collected 39 gold pieces.

Inventory:

Hand Weapons
 f - a +1 flail of venom (weapon)
Armour
 a - a +0 robe (worn)
Jewellery
 d - a ring of fire
 e - a ring of willpower (left hand)
Scrolls
 c - 2 scrolls of identify
Potions
 b - a potion of mutation
 g - a potion of might {unknown}


   Skills:
 + Level 2.6 Dodging
 - Level 1.4 Stealth
 + Level 2.8 Spellcasting
 + Level 5.2 Ice Magic


You had 6 spell levels left.
You knew the following spells:

 Your Spells              Type           Power      Damage    Failure   Level
a - Freeze                Ice            84%        1d10      1%          1

Your spell library contained the following spells:

 Spells                   Type           Power      Damage    Failure   Level
 Frozen Ramparts          Ice            42%        1d7       6%          3
 Ozocubu's Armour         Ice            21%        N/A       6%          3
 Hailstorm                Conj/Ice       11%        3d5       50%         4


Dungeon Overview and Level Annotations

Branches:
Dungeon (4/15) Zot: 1574
 Temple: D:4-7

Altars:


Innate Abilities, Weirdness & Mutations

You passively map a small area around you.
You are easily found by Zot.
You glow in the dark.
You regain HP and MP as you explore.


Message History

You hit the jackal.
The jackal is poisoned.
The jackal is severely wounded.
You kill the jackal!
The jackal bites you but does no damage.
You barely miss the jackal. The jackal misses you.
The jackal closely misses you.
You hit the jackal.
You kill the jackal!
No target in view!
Magic restored.
c - 2 scrolls labelled BOPROPN BUOHIU (gained 1)
g - a metallic cyan potion
Found a stone staircase leading down.
Found a stone staircase leading down.
Found a stone staircase leading up.
c - 3 scrolls labelled BOPROPN BUOHIU (gained 1)
Found a stone staircase leading up.
There is a stone staircase leading down here.
An orc priest comes into view.
It is wielding a +0 hand axe. 2 orcs come into view.
The orc shouts!
The orc priest shouts!
The orc shouts!
An orc comes into view. It is wielding a +0 flail.
Found a stone staircase leading down.
The orc shouts!
Found a glowing glaive.
Found a stone staircase leading up.
A giant cockroach comes into view.
The orc priest looks satisfied for a moment.
The orc priest looks braver for a moment.
The orc hits you with a +0 flail!
You completely miss the orc priest. The orc barely misses you.
The orc priest barely misses you. The orc hits you with a +0 flail!
Unknown command.
As you read the scroll labelled BOPROPN BUOHIU, it crumbles to dust.
It is a scroll of identify.
b - a potion of mutation The orc hits you with a +0 short sword.
The orc closely misses you.
The orc priest calls down the wrath of Beogh upon you.
Beogh smites you!
Ouch! That really hurt!
You die...

#...........##..###.#####.##
#.........#####..##.........
,*
#.<.......######....########
#.....................###
#.........#########.#...# *
#.........# #.###.#### *
#......>..####### #..*#.....
* ,#.....>...#.o...####.
#####. ##########.@o....#
#.####### ,*
#..oo<....##........ *
#........<. ...##### *
#.........# #.#* #. * *
#.......B.# #..###.
#.....>...# *#..##.
#.........# ##....
#....)....# #.... * * #.....


You could see an orc priest, 3 orcs and a giant cockroach (wandering).

Vanquished Creatures
  An adder (D:4)
  An orc (D:4)
  A goblin (D:1)
  3 hobgoblins
  3 jackals (D:4)
  A bat (D:2)
  A kobold (D:1)
11 creatures vanquished.

Notes
Turn   | Place    | Note
-------+----------+-------------------------------------------
     0 | D:1      | hawla the Meteoran Ice Elementalist began the quest for the
                  | Orb.
     0 | D:1      | Reached XP level 1. HP: 14/14 MP: 5/5
    64 | D:1      | Reached XP level 2. HP: 20/20 MP: 3/6
   121 | D:2      | You fall into a shaft and drop 2 floors!
   155 | D:4      | Reached skill level 5 in Ice Magic
   156 | D:4      | Reached XP level 3. HP: 25/26 MP: 2/8
   224 | D:4      | Killed from afar by an orc priest

Illustrated notes

Levels and vault maps discovered:
D:1:      denvon_arrival_planthouse, layout_rooms
D:2:      layout_basic, minmay_distorted
D:4:      layout_rooms, minivault_5, grunt_decor_mini_mirrors

Skill      XL: |  1  2 |
---------------+-------+-----
Ice Magic      | 5 |  5.2
Dodging        | |  2.6
Stealth        | |  1.4
Spellcasting   | |  2.8

Action                   || total
-------------------------++-------
Melee: Unarmed           ||     4
       Flail             ||     6
 Cast: Freeze            ||    17
  Use: Potion            ||     1
       Scroll            ||     1
Armor: Robe              ||     3
Dodge: Dodged            ||    20
